 Dungeon Sprint DCSS version 0.31-a0-848-gaac375c287 (webtiles) character file.

Game seed: 11417803493886461774

114 sircluck the Ruffian (level 4, 0/50 HPs)
             Began as a Troll Berserker on Oct 4, 2023.
             Was a Priest of Trog.
             Slain by a fire elemental (11 damage)
             ... summoned by a deep elf pyromancer
             ... in the Dungeon (Sprint III: "The Ten Rune Challenge").
             The game lasted 00:00:51 (149 turns).

sircluck the Ruffian (Troll Berserker)               Turns: 149, Time: 00:00:51

Health: 0/50       AC:  3    Str: 31    XL:     4   Next: 66%
Magic:  3/3        EV: 10    Int:  2    God:    Trog [***...]
Gold:   38         SH:  0    Dex:  8    Spells: 3/3 levels left

rFire   . .          .
                       - Unarmed
rCold   . . .        (no shield)
rNeg    . . .        a - +0 animal skin
rPois   .            (helmet restricted)
rElec   .            (no cloak)
rCorr   .            (gloves unavailable)
SInv    .            (boots unavailable)
Will    +....        (no amulet)
Stlth   +            (no ring)
HPRegen 1.08/turn    (no ring)
MPRegen 0.08/turn

%: no teleportation
@: no status effects
A: large, unfitting armour, claws 3, regeneration 1, shaggy fur 1, tough skin 1,
deformed body, strong-willed 1, strong 1
a: Renounce Religion, Berserk, Trog's Hand


You were in the Dungeon.
You worshipped Trog.
Trog was most pleased with you.
You visited 1 branch You collected 38 gold pieces.

Inventory:

Armour
 a - a +0 animal skin (worn)
Scrolls
 g - a scroll of blinking
 h - a scroll of identify {unknown}
 j - a scroll of poison {unknown}
 k - a scroll of brand weapon {unknown}
 m - a scroll of torment {unknown}
 n - a scroll of fog {unknown}
Potions
 b - a potion of curing
 c - a potion of heal wounds
 d - a potion of haste
 e - 2 potions of magic
 f - a potion of berserk rage
 i - a potion of mutation
 l - 2 potions of enlightenment {unknown}
 o - a potion of cancellation {unknown}


   Skills:
 + Level 5.1 Fighting
 + Level 5.1 Dodging
 + Level 6.1 Unarmed Combat


You had 3 spell levels left.
You didn't know any spells.
Your spell library was empty.

Dungeon Overview and Level Annotations

Branches:
Dungeon (1/1)

Altars:
Elyvilon
Zin
The Shining One


Innate Abilities, Weirdness & Mutations

You are too large for most types of armour.
You have claws for hands.
Your natural rate of healing is unusually fast.
You are covered in fur. (AC +1)
You have tough skin. (AC +1)
Armour fits poorly on your strangely shaped body.
You are strong-willed. (Will+)
Your muscles are strong. (Str +4, Int/Dex -1)


Message History

Trog accepts your kill. The water engulfing you falls away.
You gasp with relief as air once again reaches your lungs.
Your Fighting skill increases to level 5!
Your Dodging skill increases to level 5!
Your Unarmed Combat skill increases to level 6!
You have reached level 4!
Unknown command.
Unknown command.
HP restored.
There is an open door to the Ecumenical Temple here.
You open the door.
Found three altars.
A deep elf pyromancer comes into view.
It is wielding a +1 long sword of holy wrath.
Found a potion of curing.
The deep elf pyromancer shouts!
The deep elf pyromancer gestures wildly while chanting.
There is an open door here.
The fire elemental hits you. The fire elemental burns you!
The deep elf pyromancer barely misses you.
You closely miss the deep elf pyromancer.
The fire elemental hits you. The fire elemental burns you!
The deep elf pyromancer completely misses you.
You scratch the deep elf pyromancer.
The deep elf pyromancer is lightly wounded.
The fire elemental closely misses you.
You barely miss the deep elf pyromancer.
The deep elf pyromancer is lightly wounded.
The fire elemental closely misses you.
The deep elf pyromancer closely misses you.
You barely miss the deep elf pyromancer.
The deep elf pyromancer is lightly wounded.
The fire elemental hits you. The fire elemental burns you!
The deep elf pyromancer hits you with a +1 long sword of holy wrath!
* * * LOW HITPOINT WARNING * * *
You barely miss the deep elf pyromancer.
The fire elemental hits you.
* * * LOW HITPOINT WARNING * * *
The fire elemental burns you!
You die...

▓▓▓▓▓ ▓▓▓ #...####
##.#####
#......#####..#_E_# __
#...)...#..#..#e@.#
##.##...#..#..###'#+###+#
##.###..##'#..#..........
###.##..###...'.⌠........
#..##..####...#...######+
†..##..###....#.⌠.#
..##...##.....#...#
.##....#......#+###_
###..##.#.....#


You could see a deep elf pyromancer and a fire elemental (summoned).

Vanquished Creatures
  A water elemental (D)
  Jessica (D)
  A human (D)
  A phantom (D)
  2 rats (D)
6 creatures vanquished.

Notes
Turn   | Place    | Note
-------+----------+-------------------------------------------
     0 | D        | sircluck the Troll Berserker began the quest for the Orb.
     0 | D        | Reached XP level 1. HP: 22/22 MP: 0/0
    24 | D        | Noticed Jessica
    27 | D        | Killed Jessica
    27 | D        | Reached ** piety under Trog
    28 | D        | Reached skill level 4 in Unarmed Combat
    28 | D        | Reached XP level 2. HP: 32/32 MP: 1/1
    53 | D        | Reached XP level 3. HP: 20/39 MP: 2/2
    61 | D        | Reached skill level 5 in Unarmed Combat
    95 | D        | Gained mutation: You passively map a small area around you.
                  | [potion of mutation]
    95 | D        | Gained mutation: You occasionally shout uncontrollably at
                  | your foes. [potion of mutation]
    95 | D        | Gained mutation: You sometimes lose your temper in combat.
                  | [potion of mutation]
    95 | D        | Gained mutation: You are agile. (Dex +4, Str/Int -1)
                  | [potion of mutation]
    96 | D        | Lost mutation: You sometimes lose your temper in combat.
                  | [potion of mutation]
    96 | D        | Lost mutation: You passively map a small area around you.
                  | [potion of mutation]
    96 | D        | Lost intelligence.
    96 | D        | Gained mutation: You are dopey. (Int -2) [potion of
                  | mutation]
   100 | D        | Lost mutation: You are dopey. (Int -2) [potion of mutation]
   100 | D        | Lost mutation: You are agile. (Dex +4, Str/Int -1) [potion
                  | of mutation]
   100 | D        | Lost mutation: You occasionally shout uncontrollably at
                  | your foes. [potion of mutation]
   100 | D        | Gained mutation: Your magical capacity is low. (-10% MP)
                  | [potion of mutation]
   101 | D        | Lost mutation: Your magical capacity is low. (-10% MP)
                  | [potion of mutation]
   101 | D        | Gained mutation: Your muscles are strong. (Str +4, Int/Dex
                  | -1) [potion of mutation]
   101 | D        | Gained mutation: Armour fits poorly on your strangely
                  | shaped body. [potion of mutation]
   101 | D        | Gained mutation: You are strong-willed. (Will+) [potion of
                  | mutation]
   115 | D        | Noticed a water elemental
   125 | D        | Killed a water elemental
   125 | D        | Reached *** piety under Trog
   126 | D        | Reached skill level 5 in Fighting
   126 | D        | Reached skill level 5 in Dodging
   126 | D        | Reached skill level 6 in Unarmed Combat
   126 | D        | Reached XP level 4. HP: 37/50 MP: 3/3
   142 | D        | Found a glowing silver altar of Zin.
   142 | D        | Found a glowing golden altar of the Shining One.
   142 | D        | Found a white marble altar of Elyvilon.
   143 | D        | Noticed a deep elf pyromancer
   144 | D        | Noticed a fire elemental
   149 | D        | Slain by a fire elemental

Illustrated notes

Levels and vault maps discovered:
D:        dungeon_sprint_mu [sprint_mu_entry_cave, sprint_mu_temple_rooms,
          sprint_mu_d1_horrors, sprint_mu_d2_genie, sprint_mu_d3_branching,
          sprint_mu_orc_legion, sprint_mu_elf_gauntlet, sprint_mu_hive_nellie,
          sprint_mu_lair_fedhas, sprint_mu_vaults_butterflies,
          sprint_mu_slime_circle, sprint_mu_swamp_cave, sprint_mu_snake_twists,
          sprint_mu_blade_basic, sprint_mu_crypt_fortress,
          sprint_mu_tomb_spiral, sprint_mu_vestibule_basic,
          sprint_mu_gehenna_hellfire, sprint_mu_dis_giant,
          sprint_mu_tartarus_statrot, sprint_mu_cocytus_islands, sprint_mu_zot1]

Skill      XL: |  1  2  3 |
---------------+----------+-----
Fighting       | 3 4 5 |  5.1
Dodging        | 3 4 5 |  5.1
Unarmed Combat | 4 6 |  6.1

Action                     |  1- 3 |  4- 6 || total
---------------------------+-------+-------++-------
  Melee: Unarmed           |    20 |     5 ||    25
    Use: Potion            |     4 |       ||     4
   Stab: Sleeping          |     1 |       ||     1
 Armour: Animal skin       |    15 |     9 ||    24
  Dodge: Dodged            |     7 |     5 ||    12

Table legend: (Time is in decaauts)
 A = Elapsed time spent in this place.
 B = Non-inter-level travel time spent in this place.
 C = Inter-level travel time spent in this place.
 D = Time resting spent in this place.
 E = Time spent auto-exploring this place.
 F = Levels seen in this place.
 G = Mean time per level.
                   A        B        C        D        E       F      G
               +--------+--------+--------+--------+--------+-----+--------+
         Total |    157 |    157 |      0 |     20 |     68 |   1 |  157.0 |
       Dungeon |    157 |    157 |      0 |     20 |     68 |   1 |  157.0 |
               +--------+--------+--------+--------+--------+-----+--------+

Top non-repeatable levels by time:
       D: 157 daAuts
